Map: Catalyst LE

Players

IIIIIIIIIIII - Winner!

  • Race: Zerg Zerg
  • League: Master
  • Spawn Location: 5:00

A.I. 1 (Elite)

  • Race: Terran Terran
  • Spawn Location: 11:00

VOD

Have the link to the VOD?

Description

Time

  • Played on: Aug. 9, 2018, 1:26 p.m.
  • Length: 6:25
Show
View Real Time Build Order
Export as new Build Order

IIIIIIIIIIII Zerg - Winner!

Build Orders: Hatch First 

Get SALT Encoding   

  12  0:01  Drone  
  13  0:13  Overlord  
  13  0:18  Drone  
  14  0:31  Drone x2  
  14  0:35  Drone  
  17  0:52  Hatchery  
  17  0:55  Drone  
  17  0:58  Drone  
  18  1:08  Extractor  
  17  1:13  Spawning Pool  
  17  1:16  Drone  
  17  1:19  Drone  
  18  1:28  Drone  
  19  1:39  Overlord  
  19  1:50  Drone  
  20  1:59  Queen  
  20  2:01  Zergling x2  
  23  2:04  Queen  
  23  2:05  Zergling x2  
  26  2:09  Metabolic Boost  
  26  2:12  Zergling x2  
  26  2:15  Drone  
  28  2:22  Drone  
  29  2:27  Drone  
  30  2:35  Queen  
  32  2:40  Queen  
  32  2:41  Overlord  
  32  2:44  Overlord  
  34  3:01  Drone, Hatchery  
  34  3:04  Drone  
  35  3:07  Drone  
  35  3:08  Drone  
  35  3:10  Drone  
  38  3:14  Drone  
  38  3:16  Drone  
  38  3:18  Drone  
  41  3:21  Drone  
  41  3:23  Drone  
  41  3:25  Drone  
  44  3:27  Drone  
  44  3:31  Extractor  
  44  3:35  Roach Warren  
  43  3:50  Overlord x3  
  43  4:18  Roach x10  
  43  4:20  Roach  
  67  4:24  Roach  
  67  4:30  Overlord  
  67  4:31  Zergling x4  
  67  4:35  Zergling x4  
  67  4:38  Zergling x2  
  72  4:41  Zergling x2  
  72  4:42  Zergling x2  
  74  4:50  Zergling x2  
  75  4:57  Zergling x14  
  82  5:15  Overlord x2  
  82  5:24  Overlord  
  82  5:25  Lair  
  82  5:29  Drone, Extractor  
  82  5:31  Extractor  
  82  5:33  Drone  
  82  5:34  Drone  
  82  5:35  Drone x5  
  88  5:38  Ravager x3  
  88  5:39  Ravager  
  88  5:41  Drone  
  93  5:43  Drone  
  81  6:10  Drone  
  81  6:11  Drone x5  
Show
View Real Time Build Order
Export as new Build Order

A.I. 1 (Elite) Terran 

Build Orders: Mech 

Get SALT Encoding   

  12  0:00  SCV  
  13  0:13  SCV  
  14  0:19  Supply Depot  
  14  0:25  SCV  
  15  0:40  SCV  
  16  0:42  Barracks  
  16  0:52  SCV  
  17  1:05  SCV  
  18  1:16  Supply Depot  
  18  1:17  SCV  
  19  1:21  Refinery  
  19  1:29  SCV, Marine  
  21  1:41  SCV  
  22  1:47  Marine  
  22  1:50  Refinery  
  22  1:53  SCV  
  24  2:05  SCV, Marine  
  26  2:17  SCV  
  26  2:21  Factory  
  27  2:23  Marine  
  27  2:29  SCV  
  28  2:40  Factory  
  28  2:41  SCV, Marine  
  30  2:51  Supply Depot  
  30  2:53  SCV  
  31  3:07  Orbital Command, Factory Tech Lab  
  31  3:12  Marine  
  32  3:24  Factory Tech Lab  
  32  3:30  Marine  
  32  3:32  SCV  
  34  3:36  Command Center  
  34  3:44  SCV  
  35  3:56  SCV  
  36  4:08  SCV  
  37  4:10  Barracks  
  37  4:18  Supply Depot  
  37  4:20  SCV  
  38  4:32  SCV  
  39  4:40  Siege Tank x2  
  39  4:42  Supply Depot  
  39  4:44  SCV  
  46  4:48  SCV, Marine  
  48  4:54  Supply Depot  
  48  4:57  SCV  
  49  5:00  SCV  
  50  5:09  SCV  
  50  5:12  Siege Tank, Hellion, SCV  
  57  5:17  Barracks Tech Lab  
  57  5:21  SCV, Factory  
  58  5:23  Marine  
  58  5:24  SCV  
  58  5:26  Command Center  
  60  5:33  Hellion  
  61  5:44  Siege Tank  
  64  5:58  Marine  
  64  5:59  Marine  
  64  6:04  Hellion  
Tags
 
Composition
Mech
League
Master
Matchup
TvZ
Spawn Locations
Cross Positions
Add a new tag
Caveats
  • Supply blocks, unpowered buildings, or Contaminate may cause inaccurate times.
  • Supply counts are checked every 10 seconds.